 Dungeon Crawl Stone Soup version 0.29-a0-418-gc0181ea820 (webtiles) character file.

Game seed: 3304408630113483632

30 jlumianski the Skirmisher (level 3, -3/29 HPs)
             Began as a Demonspawn Fighter on May 18, 2022.
             Slain by Jessica
             ... wielding a +2 dagger of protection
              (5 damage)
             ... on level 2 of the Dungeon.
             The game lasted 00:05:43 (1799 turns).

jlumianski the Skirmisher (Demonspawn Fighter)      Turns: 1799, Time: 00:05:43

Health: -3/29      AC:  9    Str: 18    XL:     3   Next: 3%
Magic:  3/3        EV:  6    Int:  9    God:
Gold:   38         SH:  4    Dex: 12    Spells: 2/2 levels left

rFire   . . .      SeeInvis .   a - +0 war axe
rCold   . . .      Faith    .   c - +0 buckler
rNeg    . . .      Spirit   .   j - +0 chain mail
rPois   .          Reflect  .   (no helmet)
rElec   .          Harm     .   (no cloak)
rCorr   .          Rampage  .   (no gloves)
Will    .....                   (no boots)
Stlth   ..........              (no amulet)
HPRegen 0.09/turn               (no ring)
MPRegen 0.08/turn               (no ring)

@: slowed, very slow
A: demonic touch 2
a: no special abilities


You were on level 2 of the Dungeon.
You visited 1 branch of the dungeon, and saw 2 of its levels.

You collected 38 gold pieces.

Inventory:

Hand Weapons
 a - a +0 war axe (weapon)
 k - a +0 dagger of venom
Missiles
 g - 50 stones (quivered)
Armour
 b - a +0 scale mail
 c - a +0 buckler (worn)
 j - a +0 chain mail (worn)
Scrolls
 f - a scroll of fog {unknown}
 h - a scroll of teleportation
 m - a scroll of fear {unknown}
Potions
 d - a potion of might
 e - a potion of haste
 i - 2 potions of cancellation
 l - a potion of berserk rage


   Skills:
 + Level 3.2 Fighting
 + Level 2.1 Axes
 + Level 3.1 Armour
 + Level 3.0 Shields


You had 2 spell levels left.
You didn't know any spells.
Your spell library was empty.

Dungeon Overview and Level Annotations

Branches:
Dungeon (2/15)

Altars:

Annotations:
D:2 Jessica


Innate Abilities, Weirdness & Mutations

Your touch may inflict irresistible damage on your foes.


Message History

You slash the giant cockroach!
You kill the giant cockroach!
You have reached level 3!
Your experience leads to an increase in your attributes!
Increase (S)trength, (I)ntelligence, or (D)exterity?
You feel stronger. x2; Your demonic ancestry asserts itself...
Your hands glow brighter with unholy energy.
m - a scroll labelled GEGIUD IROI You see here a giant cockroach corpse.
A quokka comes into view.
The quokka twitches its whiskers.
Jessica the Apprentice Sorceress comes into view.
She is wielding a +2 dagger of protection.
Jessica shouts!
A goblin comes into view. It is wielding a +0 club.
The goblin shouts!
Jessica hits you but does no damage.
You see here a scroll labelled MUHEDE BIAKH.
You closely miss Jessica. Jessica gestures at you while chanting.
You feel yourself slow down.
Jessica casts a spell.
Jessica blinks!
The quokka bites you. x2
You slash the quokka!
You kill the quokka!
The goblin hits you with a +0 club. The goblin hits you but does no damage.
Jessica casts a spell.
Jessica seems to speed up.
You closely miss the goblin. The goblin hits you but does no damage.
Jessica points at you and mumbles some strange words.
Pain shoots through your body! You block the goblin's attack.
You closely miss the goblin. You hit Jessica. Jessica casts a spell at you.
Pain shoots through your body!
* * * LOW HITPOINT WARNING * * *
Jessica hits you with a +2 dagger of protection.
* * * LOW HITPOINT WARNING * * *
The goblin barely misses you.
Jessica hits you with a +2 dagger of protection.
You die...

. .. ... ########.r
...#...
##########.#.######.####
.†.............@@g......
#######....#.#######.###
#....#.# #....#.#
#######'#.#..
#.#.....#.#.#
.#.#.###.#.#.#
.........#.#.# #
...........#. .#


You could see Jessica (fast) and a goblin.

Vanquished Creatures
  A dart slug (D:1)
  5 endoplasms
  2 giant cockroaches
  2 goblins (D:1)
  3 hobgoblins (D:1)
  2 quokkas
  A ball python (D:2)
  3 bats
  A frilled lizard (D:1)
  2 kobolds (D:1)
  4 rats
26 creatures vanquished.

Vanquished Creatures (others)
  2 withered plants (D:1)
2 creatures vanquished.

Grand Total: 28 creatures vanquished

Notes
Turn   | Place    | Note
-------+----------+-------------------------------------------
     0 | D:1      | jlumianski the Demonspawn Fighter began the quest for the
                  | Orb.
     0 | D:1      | Reached XP level 1. HP: 18/18 MP: 1/1
   390 | D:1      | Gained mutation: Your touch may inflict minor irresistible
                  | damage on your foes. [demonic ancestry]
   390 | D:1      | Reached XP level 2. HP: 24/24 MP: 2/2
   759 | D:1      | Found a faded altar of an unknown god.
  1779 | D:2      | Gained mutation: Your touch may inflict irresistible damage
                  | on your foes. [demonic ancestry]
  1779 | D:2      | Reached XP level 3. HP: 26/29 MP: 3/3
  1791 | D:2      | Noticed Jessica
  1799 | D:2      | Slain by Jessica

Illustrated notes

Levels and vault maps discovered:
D:1:      wheals_arrival_shading, layout_basic,
          ebering_ecumenical_altar_petrified, nrook_mini_backslash
D:2:      minmay_evil_eye, layout_basic, uniq_jessica

Skill      XL: |  1  2 |
---------------+-------+-----
Axes           | 2 |  2.1
Armour         | 3 |  3.1
Shields        | 3 |  3.0
Fighting       | |  3.2

Action                   || total
-------------------------++-------
Melee: War axe           ||    82
  Use: Scroll            ||     5
Armor: Scale mail        ||    21
       Chain mail        ||    31
Dodge: Dodged            ||    33
Block: Buckler           ||    25

Table legend: (Time is in decaauts)
 A = Elapsed time spent in this place.
 B = Non-inter-level travel time spent in this place.
 C = Inter-level travel time spent in this place.
 D = Time resting spent in this place.
 E = Time spent auto-exploring this place.
 F = Levels seen in this place.
 G = Mean time per level.
                   A        B        C        D        E       F      G
               +--------+--------+--------+--------+--------+-----+--------+
         Total |   1836 |   1724 |    112 |    218 |    964 |   2 |  918.0 |
       Dungeon |   1836 |   1724 |    112 |    218 |    964 |   2 |  918.0 |
               +--------+--------+--------+--------+--------+-----+--------+

Top non-repeatable levels by time:
     D:1: 1543 daAuts
     D:2: 292 daAuts
